 Dungeon Crawl Stone Soup version 0.29.1-1-gd02db6906a (webtiles) character file.

Game seed: 4214052957699962622

2472 Minsecho the Cutter (level 9, 0/71 HPs)
             Began as a Demonspawn Monk on Sept 24, 2022.
             Was a Follower of Ashenzari.
             Slain by a hobgoblin
             ... wielding a +0 hand axe
              (3 damage)
             ... in a bailey.
             The game lasted 00:21:19 (9411 turns).

Minsecho the Cutter (Demonspawn Monk)               Turns: 9411, Time: 00:21:21

Health: 0/71       AC: 14    Str: 12    XL:     9   Next: 26%
Magic:  9/9        EV: 11    Int: 14    God:    Ashenzari [*.....]
Gold:   1336       SH:  0    Dex: 17    Spells: 5/8 levels left

rFire   . . .      SeeInvis .   f - +1 short sword (vamp)
rCold   . . .      Faith    .   (no shield)
rNeg    . . .      Spirit   .   v - +0 scale mail of the Cryptic Portent {Range, Self} (curse)
rPois   .          Reflect  .   (no helmet)
rElec   .          Harm     .   (no cloak)
rCorr   .          Rampage  .   j - +1 pair of gloves
Will    .....                   e - +0 pair of boots of Ashenzari's Relativism {Range, Melee} (curse)
Stlth   +.........              (no amulet)
HPRegen 0.21/turn               (no ring)
MPRegen 0.11/turn               (no ring)

@: no status effects
A: slimy green scales 2, demonic guardian 2, powered by pain 1
a: Renounce Religion, Curse Item, Shatter the Chains


You were in a bailey.
You worshipped Ashenzari.
Ashenzari was aware of your devotion.
You visited 1 branch of the dungeon, and saw 8 of its levels.
You also visited: Bailey.

You collected 1336 gold pieces.

Inventory:

Hand Weapons
 f - a +1 vampiric short sword (weapon)
 u - the +7 staff of the Meek {protect, meekguard}
   (You found it on level 6 of the Dungeon)

   It grants its wielder temporary protection when it strikes (+7 to AC).
   It provides extra protection to wielders with little health.
Missiles
 B - 2 throwing nets (quivered)
Armour
 e - the cursed +0 pair of boots of Ashenzari's Relativism (worn) {Range, Melee}
   (You found it on level 1 of the Dungeon)

   It has a curse which improves the following skills: Ranged Combat: Ranged
   Weapons and Throwing.
   Melee Combat: Short Blades, Long Blades, Axes, Maces & Flails, Polearms,
   Staves and Unarmed Combat.
 j - a +1 pair of gloves (worn)
 v - the cursed +0 scale mail of the Cryptic Portent (worn) {Range, Self}
   (You found it on level 3 of the Dungeon)

   It has a curse which improves the following skills: Ranged Combat: Ranged
   Weapons and Throwing.
   Introspection: Fighting and Spellcasting.
Jewellery
 b - a ring of positive energy
 p - an amulet of magic regeneration
Wands
 d - a wand of paralysis (3)
 w - a wand of roots (5)
 D - a wand of quicksilver (11)
 H - a wand of polymorph (11)
Scrolls
 g - a scroll of amnesia
 h - 2 scrolls of enchant armour
 i - a scroll of poison
 k - 2 scrolls of immolation
 l - 2 scrolls of teleportation
 x - a scroll of brand weapon
 y - a scroll of vulnerability
 A - 4 scrolls of fog
 C - a scroll of blinking
 J - 3 scrolls of fear
Potions
 c - a potion of ambrosia
 m - a potion of flight
 n - 6 potions of curing
 o - a potion of haste
 q - a potion of resistance
 r - 3 potions of might
 s - a potion of cancellation
 t - a potion of berserk rage
 z - 2 potions of brilliance
 I - a potion of mutation


   Skills:
 + Level 5.6(6.4) Fighting
 + Level 6.9(8.1) Short Blades
 + Level 3.1(5.9) Long Blades
 + Level 5.7 Armour
 + Level 5.0 Dodging
 + Level 3.1 Stealth
 + Level 0.7 Evocations


You had 5 spell levels left.
You knew the following spells:

 Your Spells              Type           Power      Damage    Failure   Level
a - Swiftness             Air            0%         N/A       98%         3

Your spell library contained the following spells:

 Spells                   Type           Power      Damage    Failure   Level
 Blink                    Tloc           0%         N/A       89%         2
 Ensorcelled Hibernation  Hex/Ice        0%         N/A       89%         2
 Passwall                 Tmut/Erth      0%         N/A       89%         2
 Gell's Gravitas          Tloc           0%         N/A       98%         3
 Teleport Other           Tloc           0%         N/A       98%         3
 Airstrike                Air            0%         2d(0-16)  100%        4
 Dispel Undead            Necr           0%         3d6       100%        4
 Olgreb's Toxic Radiance  Pois           0%         N/A       100%        4
 Summon Lightning Spire   Summ/Air       0%         N/A       100%        4
 Lightning Bolt           Conj/Air       0%         1d11      100%        5
 Manifold Assault         Tloc           0%         N/A       100%        5
 Death Channel            Necr           0%         N/A       100%        6
 Dispersal                Tloc           0%         N/A       100%        6
 Ozocubu's Refrigeration  Ice            0%         4d7       100%        7
 Storm Form               Tmut/Air       0%         N/A       100%        7
 Ignition                 Fire           0%         3d3       100%        8


Dungeon Overview and Level Annotations

Branches:
Dungeon (8/15)             Temple (0/1) D:7          Bailey (1/1)
   Lair: D:8-11

Altars:
Ashenzari
Fedhas
Hepliaklqana
Makhleb
Trog
Uskayaw
Xom
Yredelemnul


Innate Abilities, Weirdness & Mutations

You are mostly covered in slimy green scales. (AC +3)
A demonic guardian rushes to your aid.
You sometimes gain a little power by taking damage.


Message History

You are too injured to fight recklessly!
You are too injured to fight recklessly!
You are too injured to fight recklessly!
You are too injured to fight recklessly!
You are too injured to fight recklessly!
You are too injured to fight recklessly!
You are too injured to fight recklessly!
You are too injured to fight recklessly!
You are too injured to fight recklessly!
You are too injured to fight recklessly!
You are too injured to fight recklessly!
You hit the orc.
You kill the orc!
The orc warrior hits you with a +0 war axe!
The hobgoblin barely misses you.
You hit the orc warrior but do no damage.
You hit the orc warrior but do no damage.
The orc warrior closely misses you. The hobgoblin closely misses you.
You hit the orc warrior.
You feel better.
The orc warrior is moderately wounded.
The orc warrior barely misses you.
The hobgoblin hits you but does no damage.
You hit the orc warrior but do no damage.
The orc warrior is moderately wounded.
You closely miss the orc warrior.
The orc warrior is moderately wounded.
The orc warrior hits you with a +0 war axe.
The hobgoblin barely misses you.
You closely miss the orc warrior.
The orc warrior is moderately wounded.
The orc warrior hits you with a +0 war axe!
* * * LOW HITPOINT WARNING * * *
The hobgoblin completely misses you.
You hit the orc warrior.
You feel better.
The orc warrior is moderately wounded.
The orc warrior hits you with a +0 war axe!
* * * LOW HITPOINT WARNING * * *
A demonic guardian appears!
The hobgoblin hits you with a +0 hand axe.
You die...

########.......########
≈≈≈≈≈≈≈.........≈≈≈≈≈≈≈
≈≈≈≈≈≈≈≈≈≈...≈≈≈≈≈≈≈≈≈≈
≈≈≈≈≈≈≈≈≈≈...≈≈≈≈≈≈≈≈≈≈
≈≈≈≈≈≈≈≈≈≈...≈≈≈≈≈≈≈≈≈≈
≈≈≈≈≈≈≈≈≈≈...≈≈≈≈≈≈≈≈≈≈
######~~4~...~~~~######
#...........#
#####@''##### +)og..+
+.....+ #..⌠..# #.....#
#.....# #######


You could see an orc warrior (ally target), a hobgoblin and a friendly hellwing
(summoned).

Vanquished Creatures
  Grinder (D:3)
  Sigmund (D:3)
  A black bear (D:6)
  2 ice beasts
  2 sky beasts (D:6)
  2 ogres (D:4)
  A bullfrog (D:7)
  3 scorpions
  An oklob sapling (D:7)
  4 orc priests
  2 hounds
  3 iguanas
  Natasha (twice) (D:4)
  5 orc wizards
  10 adders
  4 gnolls
  2 shadow imps
  A white imp (D:5)
  A worm (D:4)
  4 dart slugs
  18 orcs
  6 ball pythons
  4 endoplasms
  3 giant cockroaches
  10 hobgoblins
  8 jackals
  5 quokkas
  10 bats
  A frilled lizard (D:1)
  10 goblins
  11 kobolds
  6 rats
144 creatures vanquished.

Vanquished Creatures (collateral kills)
  An orc warrior (D:6)
  A black bear (D:5)
  A kobold brigand (D:6)
  A scorpion (D:6)
  An orc priest (D:3)
  Ijyb (D:3)
  Natasha (D:4)
  6 gnolls
  An adder (D:4)
  A white imp (D:5)
  A dart slug (D:3)
  7 orcs
  A hobgoblin (D:3)
  A kobold (D:6)
  A rat (D:3)
26 creatures vanquished.

Vanquished Creatures (others)
  9 fungi (D:4)
  6 plants
15 creatures vanquished.

Grand Total: 185 creatures vanquished

Notes
Turn   | Place    | Note
-------+----------+-------------------------------------------
     0 | D:1      | Minsecho the Demonspawn Monk began the quest for the Orb.
     0 | D:1      | Reached XP level 1. HP: 18/18 MP: 1/1
   220 | D:1      | Gained mutation: You are partially covered in slimy green
                  | scales. (AC +2) [demonic ancestry]
   220 | D:1      | Reached XP level 2. HP: 24/24 MP: 2/2
   847 | D:2      | Found a shimmering altar of Xom.
   890 | D:2      | Gained mutation: A weak demonic guardian rushes to your
                  | aid. [demonic ancestry]
   890 | D:2      | Reached XP level 3. HP: 14/29 MP: 3/3
  1155 | D:2      | Reached skill level 1 in Short Blades
  1223 | D:2      | Reached XP level 4. HP: 35/35 MP: 4/4
  1977 | D:3      | Noticed Grinder
  1981 | D:3      | Paralysed by Grinder for 2 turns
  2005 | D:3      | Paralysed by Grinder for 3 turns
  2024 | D:3      | Paralysed by Grinder for 2 turns
  2254 | D:3      | Noticed Ijyb
  2270 | D:3      | Killed Ijyb
  2271 | D:3      | Reached skill level 2 in Short Blades
  2271 | D:3      | Gained mutation: You sometimes gain a little power by
                  | taking damage. [demonic ancestry]
  2271 | D:3      | Reached XP level 5. HP: 8/41 MP: 5/5
  2569 | D:2      | Reached skill level 1 in Armour
  3002 | D:3      | Noticed Sigmund
  3007 | D:3      | Killed Sigmund
  3008 | D:3      | Reached skill level 3 in Short Blades
  3008 | D:3      | Gained mutation: You are mostly covered in slimy green
                  | scales. (AC +3) [demonic ancestry]
  3008 | D:3      | Reached XP level 6. HP: 48/48 MP: 6/6
  3020 | D:3      | Killed Grinder
  3021 | D:3      | Reached XP level 7. HP: 32/54 MP: 7/7
  3730 | D:4      | Noticed Natasha
  3739 | D:4      | Killed Natasha
  3740 | D:4      | Reached skill level 4 in Short Blades
  4179 | D:4      | Noticed Natasha
  4186 | D:4      | Killed Natasha
  4344 | D:4      | Noticed Natasha
  4357 | D:4      | Killed Natasha
  4358 | D:4      | Found a blossoming altar of Fedhas.
  4527 | D:4      | Reached skill level 5 in Short Blades
  4527 | D:4      | Gained mutation: A demonic guardian rushes to your aid.
                  | [demonic ancestry]
  4527 | D:4      | Reached XP level 8. HP: 24/61 MP: 8/8
  4886 | D:5      | Entered Level 5 of the Dungeon
  5154 | D:5      | Got Kaoliun's Quarto of Turbulent Wicked Rites
  5159 | D:5      | Learned a level 3 spell: Swiftness
  5351 | D:5      | Reached skill level 6 in Short Blades
  5759 | D:6      | Found a bloodstained altar of Trog.
  5759 | D:6      | Found a basalt altar of Yredelemnul.
  5759 | D:6      | Found a broken altar of Ashenzari.
  5759 | D:6      | Found a burning altar of Makhleb.
  5759 | D:6      | Found a hide-covered altar of Uskayaw.
  5761 | D:6      | Found a hazy altar of Hepliaklqana.
  5908 | D:6      | Reached skill level 5 in Fighting
  6644 | D:6      | Reached skill level 5 in Armour
  6771 | D:6      | Reached XP level 9. HP: 41/68 MP: 9/9
  7277 | D:6      | Became a worshipper of Ashenzari the Shackled
  7572 | D:6      | Reached * piety under Ashenzari
  7572 | D:6      | Identified a scroll of acquirement
  7573 | D:6      | Acquired 937 gold pieces
  7777 | D:6      | Found the +7 staff of the Meek {protect, meekguard}
  8370 | D:7      | Reached skill level 5 in Dodging
  8464 | D:7      | Found a staircase to the Ecumenical Temple.
  9339 | D:8      | Found a flagged portal.
  9369 | Bailey   | Entered a bailey
  9411 | Bailey   | HP: 3/71 [orc warrior/+0 war axe (14)]
  9411 | Bailey   | Slain by a hobgoblin

Illustrated notes

Levels and vault maps discovered:
D:1:      eino_arrival_druids_welcome, layout_basic,
          shapermc_ecumenical_altar_petra
D:2:      minmay_inner_zag, layout_basic, basic_altar
D:3:      layout_basic, dk_noncrumbling_2, chequers_garden,
          minmay_misc_feat_tower, minmay_vboxes, uniq_grinder, uniq_ijyb,
          uniq_sigmund
D:4:      layout_cave_pools, fedhas_altar_3, dreamdust_wishing_well,
          uniq_natasha
D:5:      layout_rooms, reono_crystal_passage
D:6:      layout_layer_cave, grunt_temple_overflow_open, pf_guarded_unrand_meek
D:7:      layout_basic, minmay_temple_entry_oklob
D:8:      layout_rooms, serial_shops, shop, enter_bailey_5,
          nicolae_shop_dragon_depot, minmay_misc_feat_square
Bailey:   bailey_axe_of_yendor_kennysheep, bailey

Skill      XL: |  1  2  3  4  5  6  7  8  9 |
---------------+----------------------------+-----
Dodging        | 3 4 5 |  5.0
Long Blades    | 3 |  3.1
Stealth        | 2 3 |  3.1
Short Blades   | 1 2 3 5 6 |  6.9
Armour         | 2 3 5 |  5.7
Fighting       | 4 5 |  5.6
Evocations     | |  0.7

Action                   |  1- 3 |  4- 6 |  7- 9 || total
-------------------------+-------+-------+-------++-------
Melee: Short sword       |   129 |   186 |   778 ||  1093
       Falchion          |    10 |       |       ||    10
       Punch             |       |     1 |    12 ||    13
Invok: Curse Item        |       |       |     2 ||     2
Evoke: Wand              |       |     4 |     1 ||     5
  Use: Scroll            |       |     5 |     5 ||    10
       Potion            |       |     1 |       ||     1
 Stab: Sleeping          |     6 |     3 |       ||     9
       Distracted        |       |       |     1 ||     1
Armor: Robe              |    42 |    19 |       ||    61
       Scale mail        |       |   103 |   358 ||   461
Dodge: Dodged            |   104 |   120 |   385 ||   609
